 Dungeon Crawl Stone Soup version 0.25-a0-940-gc6eaff51cc (webtiles) character file.

Game seed: 7159157169268325124, levelgen mode: deterministic

1646067 bmfx the Rhythm of Life and Death (level 27, 201/201 HPs)
             Began as a Halfling Hunter on May 4, 2020.
             Was a Follower of Uskayaw.
             Escaped with the Orb
             ... and 3 runes on May 5, 2020!
             The game lasted 04:24:18 (87549 turns).

bmfx the Rhythm of Life and Death (HaHu)           Turns: 87549, Time: 04:24:19

Health: 201/201    AC: 44    Str: 23    XL:     27
Magic:  40/40      EV: 24    Int: 15    God:    Uskayaw [*.....]
Gold:   8835       SH: 10    Dex: 19    Spells: 30/46 levels left

rFire    + + +     SeeInvis .   a - +12 Vampire's Tooth {vamp}
rCold    . . .     Gourm    .   p - +3 buckler {rPois}
rNeg     + . .     Faith    +   m - +10 plate armour {rF+}
rPois    +         Spirit   .   D - +2 helmet
rElec    +         Reflect  .   K - +4 dragonskin cloak
rCorr    +         Harm     .   T - +0 pair of gloves of Jish {MR+ Str+5}
MR       ++++.                  M - +2 pair of boots {run}
Stlth    +.........             J - amulet of faith
HPRegen  0.43/turn              X - +3 ring of slaying
MPRegen  0.27/turn              i - ring "Lotsomn" {*Contam +Inv +Fly rF++ MR+ Int+2}

@: very slightly contaminated, hasted (expiring), very quick
A: small, mutation resistance 1
0: Orb of Zot
}: 3/15 runes: serpentine, barnacled, silver
a: Stomp, Renounce Religion, Evoke Invisibility, Evoke Flight


You escaped.
You worshipped Uskayaw.
Uskayaw was exalted by your worship.
You were very full.

You visited 11 branches of the dungeon, and saw 53 of its levels.
You also visited: Ice Cave, Volcano and Wizlab.

You collected 12178 gold pieces.
You spent 3343 gold pieces at shops.


Innate Abilities, Weirdness & Mutations

You are small and have problems with some larger weapons.
You are somewhat resistant to further mutation.

Dungeon Overview and Level Annotations

Branches:
Dungeon (15/15)            Temple (1/1) D:4            Lair (6/6) D:9
 Shoals (4/4) Lair:4        Snake (4/4) Lair:3        Slime (0/5) Lair:6
    Orc (2/2) D:10            Elf (3/3) Orc:2        Vaults (5/5) D:14
  Crypt (3/3) Vaults:2       Tomb (0/3) Crypt:3      Depths (5/5) D:15
    Zot (5/5) Depths:5      IceCv (visited)         Volcano (visited)
 WizLab (visited)

Altars:
Ashenzari
Cheibriados
Dithmenos
Elyvilon
Fedhas
Gozag
Hepliaklqana
Kikubaaqudgha
Makhleb
Nemelex Xobeh
Okawaru
Qazlal
Ru
Sif Muna
Trog
Uskayaw
Vehumet
Wu Jian
Xom
Yredelemnul
Zin
The Shining One
Beogh

Shops:
D:4 [*   D:5 =   Orc:1 :   Orc:2 !(:=(:}   Elf:1 =   Elf:2 :   Shoals:4 *
Vaults:3 :   Vaults:4 (   Vaults:5 }   Depths:3 *

Portals:
Hell: Depths:1 Depths:2 Depths:3 Depths:4 Depths:5
Abyss: Depths:1 Depths:3 Depths:4
Pandemonium: Depths:3 Depths:4
Ziggurat: Depths:1

Annotations:
D:14 3 runed translucent doors
Shoals:4 exclusion: obsidian statue
Crypt:2 exclusion: curse skull
Depths:1 exclusions: 2 daevas and 2 more exclusions
Depths:2 exclusion: titan
Depths:5 4 runed translucent doors


   Skills:
 - Level 20.0 Fighting
 - Level 10.0 Short Blades
 - Level 14.0 Slings
 - Level 20.0 Armour
 - Level 20.0 Dodging
 - Level 20.0 Stealth
 - Level 5.6 Shields
 - Level 10.0 Spellcasting
 - Level 11.5 Hexes
 + Level 14.3 Summonings
 - Level 10.0 Translocations
 O Level 27 Invocations
 - Level 10.0 Evocations


You had 30 spell levels left.
You knew the following spells:

 Your Spells              Type           Power        Failure   Level  Hunger
a - Apportation           Tloc           #####.       1%          1    None
b - Blink                 Tloc           N/A          1%          2    None
j - Aura of Abjuration    Summ           ######....   4%          5    #####..
A - Summon Mana Viper     Hex/Summ       #####...     8%          5    #####..
B - Portal Projectile     Hex/Tloc       #####.       1%          3    None

Your spell library contained the following spells:

 Spells                   Type           Power        Failure   Level  Hunger
 Corona                   Hex            #####..      1%          1    None
 Summon Butterflies       Summ           ######..     1%          1    None
 Summon Small Mammal      Summ           ####         1%          1    None
 Call Imp                 Summ           ######..     1%          2    None
 Slow                     Hex            #####...     1%          2    None
 Call Canine Familiar     Summ           ######..     1%          3    None
 Confusing Touch          Hex            #####...     1%          3    None
 Recall                   Summ/Tloc      N/A          1%          3    None
 Summon Guardian Golem    Hex/Summ       #####...     1%          3    None
 Gell's Gravitas          Tloc           #####.....   2%          3    None
 Lesser Beckoning         Tloc           #####.....   2%          3    None
 Teleport Other           Tloc           #####...     2%          3    None
 Cause Fear               Hex            #####.....   4%          4    ###....
 Summon Demon             Summ           ######....   4%          5    #####..
 Shroud of Golubria       Chrm/Tloc      ###...       11%         2    None
 Summon Forest            Summ/Tloc      #####.....   11%         5    #####..
 Dazzling Flash           Conj/Hex       ###...       16%         3    None
 Inner Flame              Hex/Fire       ###.....     16%         3    None
 Spectral Weapon          Hex/Chrm       ###.....     16%         3    None
 Shadow Creatures         Summ           N/A          24%         6    ######.
 Summon Ice Beast         Ice/Summ       ####....     30%         4    ###....
 Summon Lightning Spire   Summ/Air       ####....     30%         4    ###....
 Fulminant Prism          Conj/Hex       ###.......   47%         4    ###....
 Leda's Liquefaction      Hex/Erth       ###.......   47%         4    ###....
 Animate Skeleton         Necr           N/A          50%         1    None
 Foxfire                  Conj/Fire      #...         50%         1    None
 Freeze                   Ice            #...         50%         1    None
 Infusion                 Chrm           #...         50%         1    None
 Magic Dart               Conj           #...         50%         1    None
 Sandblast                Erth           #.....       50%         1    None
 Shock                    Conj/Air       #...         50%         1    None
 Sting                    Tmut/Pois      #...         50%         1    None
 Iskenderun's Mystic Bla  Conj/Tloc      ###.....     58%         4    ###....
 Darkness                 Hex            #####.....   61%         6    ######.
 Invisibility             Hex            #####...     61%         6    ######.
 Corpse Rot               Necr/Air       N/A          65%         2    None
 Passwall                 Tmut/Erth      #.......     65%         2    None
 Poisonous Vapours        Pois/Air       #.....       65%         2    None
 Searing Ray              Conj           #.....       65%         2    None
 Song of Slaying          Chrm           #.......     65%         2    None
 Swiftness                Chrm/Air       #.......     65%         2    None
 Summon Hydra             Summ           ######....   80%         7    #######
 Dispersal                Tloc           #####.....   82%         6    ######.
 Metabolic Englaciation   Hex/Ice        ###.......   83%         5    #####..
 Silence                  Hex/Air        ###.......   83%         5    #####..
 Yara's Violent Unravell  Hex/Tmut       ###.......   83%         5    #####..
 Conjure Flame            Conj/Fire      #.......     86%         3    None
 Frozen Ramparts          Ice            #.....       86%         3    None
 Ignite Poison            Fire/Tmut/Pois #.......     86%         3    None
 Mephitic Cloud           Conj/Pois/Air  #.......     86%         3    None
 Ozocubu's Armour         Chrm/Ice       #.......     86%         3    None
 Stone Arrow              Conj/Erth      #.....       86%         3    None
 Animate Dead             Necr           N/A          99%         4    ###....
 Hailstorm                Conj/Ice       #.......     99%         4    ###....
 Ice Form                 Ice/Tmut       #.......     99%         4    ###....
 Olgreb's Toxic Radiance  Pois           #.......     99%         4    ###....
 Petrify                  Tmut/Erth      #.......     99%         4    ###....
 Sticky Flame             Conj/Fire      #.......     99%         4    ###....
 Agony                    Necr           #.......     100%        5    #####..
 Bolt of Magma            Conj/Fire/Erth #.........   100%        5    #####..
 Borgnjor's Vile Clutch   Necr/Erth      #.........   100%        5    #####..
 Excruciating Wounds      Chrm/Necr      #.........   100%        5    #####..
 Fireball                 Conj/Fire      #.........   100%        5    #####..
 Iskenderun's Battlesphe  Conj/Chrm      #.......     100%        5    #####..
 Lee's Rapid Deconstruct  Erth           #.........   100%        5    #####..
 Conjure Ball Lightning   Conj/Air       #.........   100%        6    ######.
 Death Channel            Necr           #.........   100%        6    ######.
 Freezing Cloud           Conj/Ice/Air   #.........   100%        6    ######.
 Iron Shot                Conj/Erth      #.........   100%        6    ######.
 Ozocubu's Refrigeration  Ice            #.........   100%        6    ######.
 Simulacrum               Ice/Necr       #.........   100%        6    ######.
 Starburst                Conj/Fire      #.........   100%        6    ######.
 Statue Form              Tmut/Erth      #........    100%        6    ######.
 Dragon Form              Tmut           #.........   100%        7    #######
 Haunt                    Necr/Summ      ####......   100%        7    #######
 Ring of Flames           Chrm/Fire      #.........   100%        7    #######
 Borgnjor's Revivificati  Necr           #.........   100%        8    #######
 Chain Lightning          Conj/Air       #.........   100%        8    #######
 Controlled Blink         Tloc           N/A          100%        8    #######
 Death's Door             Chrm/Necr      #.........   100%        8    #######
 Disjunction              Tloc           #####.....   100%        8    #######
 Ignition                 Fire           #.........   100%        8    #######
 Infestation              Necr           #.........   100%        8    #######
 Lehudib's Crystal Spear  Conj/Erth      #.........   100%        8    #######
 Necromutation            Tmut/Necr      #.........   100%        8    #######
 Absolute Zero            Ice            #.........   100%        9    #######
 Dragon's Call            Summ           ######....   100%        9    #######
 Fire Storm               Conj/Fire      #.........   100%        9    #######
 Shatter                  Erth           #.........   100%        9    #######
 Tornado                  Air            #.........   100%        9    #######
 Passage of Golubria      Tloc           Unusable     N/A         4    N/A

Action                   |  1- 3 |  4- 6 |  7- 9 | 10-12 | 13-15 | 16-18 | 19-21 | 22-24 | 25-27 || total
-------------------------+-------+-------+-------+-------+-------+-------+-------+-------+-------++-------
Melee: Short sword       |    27 |       |       |       |       |       |       |       |       ||    27
       Dagger            |       |       |   217 |       |       |       |       |       |       ||   217
       Rapier            |       |       |     4 |       |       |       |       |       |       ||     4
       Quick blade       |       |       |       |       |    35 |   588 |   331 |   644 |  1961 ||  3559
 Fire: Hunting sling     |    60 |   192 |   566 |   845 |  1552 |  1122 |  1705 |  1352 |    38 ||  7432
       Fustibalus        |       |       |       |       |       |       |       |       |  2951 ||  2951
Throw: Dart              |       |       |       |     8 |       |     2 |       |       |     8 ||    18
       Throwing net      |       |       |       |       |       |       |       |       |    20 ||    20
 Cast: Apportation       |       |       |       |       |       |       |       |     3 |    47 ||    50
       Blink             |       |       |       |       |       |       |       |     1 |    11 ||    12
       Summon Mana Viper |       |       |       |       |       |       |       |       |     4 ||     4
       Portal Projectile |       |       |       |       |       |       |       |       |     1 ||     1
Invok: Grand Finale      |       |       |       |     2 |     8 |    16 |    16 |    20 |    47 ||   109
       Line Pass         |       |       |       |       |       |     1 |     1 |     3 |    22 ||    27
       Stomp             |       |       |       |       |       |       |       |       |     1 ||     1
 Abil: Evoke Invisibilit |       |       |       |       |     8 |    12 |    11 |    14 |    34 ||    79
       Evoke Flight      |       |       |       |       |     2 |     2 |     1 |       |     1 ||     6
       Stop Flying       |       |       |       |       |       |     1 |       |       |       ||     1
Evoke: Wand              |       |     5 |     2 |    16 |     2 |    41 |    10 |    13 |    57 ||   146
       Lightning rod     |       |       |       |       |     4 |    11 |    18 |    30 |    38 ||   101
       Box of beasts     |       |       |       |       |       |       |       |     3 |     4 ||     7
  Use: Scroll            |     3 |     6 |     6 |    18 |    22 |    10 |     7 |    12 |    40 ||   124
       Potion            |       |       |     5 |     3 |     2 |     1 |     6 |     2 |    20 ||    39
 Stab: Sleeping          |       |       |     3 |       |       |     2 |       |     6 |    14 ||    25
       Paralysed         |       |       |     1 |       |     4 |    37 |    27 |    77 |   182 ||   328
       Invisible         |       |       |       |       |       |    35 |    17 |    43 |   113 ||   208
       Held in net/web   |       |       |       |       |       |     1 |       |       |    22 ||    23
       Confused          |       |       |       |       |       |       |       |     5 |    34 ||    39
       Distracted        |       |       |       |       |       |       |       |       |     2 ||     2
       Betrayed ally     |       |       |       |       |       |       |       |       |     1 ||     1
  Eat: Chunk             |       |     3 |    12 |    17 |    18 |    32 |    26 |    33 |    53 ||   194
       Ration            |       |     1 |     2 |     2 |     8 |     3 |     7 |     6 |    26 ||    55
Armor: Leather armour    |    19 |     8 |    88 |     2 |       |       |       |       |       ||   117
       Skin              |       |       |     8 |       |       |       |       |       |       ||     8
       Scale mail        |       |       |       |    23 |     6 |       |       |       |       ||    29
       Chain mail        |       |       |       |       |    37 |       |       |       |       ||    37
       Plate armour      |       |       |       |       |    31 |   273 |   182 |   155 |   766 ||  1407
Dodge: Dodged            |    57 |    43 |   241 |   103 |   227 |   567 |   340 |   308 |  1301 ||  3187
Block: Buckler           |    16 |     5 |    95 |    42 |    79 |   212 |   139 |   114 |   566 ||  1268

Skill      XL: |  1  2  3  4  5  6  7  8  9 10 11 12 13 14 15 16 17 18 19 20 21 22 23 24 25 26 27 |
---------------+----------------------------------------------------------------------------------+-----
Slings         | 6 7 8 10 12 14 | 14.0
Stealth        | 2 3 4 5 12 15 20 | 20.0
Shields        | 1 2 4 5 |  5.6
Short Blades   | 1 4 6 8 10 | 10.0
Dodging        | 3 4 8 9 11 12 14 15 20 | 20.0
Invocations    | 6 10 12 15 16 19 20 21 23 24 27 | 27.0
Armour         | 1 3 9 13 15 16 18 20 | 20.0
Fighting       | 2 4 6 10 12 13 15 20 | 20.0
Evocations     | 6 10 | 10.0
Translocations | 10 | 10.0
Spellcasting   | 4 10 | 10.0
Hexes          | 11 | 11.5
Summonings     | 14 | 14.3

Inventory:

Hand Weapons
 a - the +12 Vampire's Tooth (weapon) {vamp}
   (You found it on level 6 of the Lair of Beasts)

   It inflicts no extra harm, but heals its wielder when it wounds a living foe.
 c - a +8 quick blade of freezing
 w - a +9 vorpal fustibalus
Missiles
 d - 492 sling bullets
 t - 741 stones
 x - 19 curare-tipped darts
 L - 8 throwing nets (quivered) {!f}
Armour
 m - a +10 plate armour of fire resistance (worn)
 p - a +3 buckler of poison resistance (worn)
 D - a +2 helmet (worn)
 K - the +4 dragonskin cloak (worn)
   (You took it off Tiamat on level 1 of the Realm of Zot)
 M - a +2 pair of boots of running (worn)
 T - the +0 pair of gloves of Jish (worn) {MR+ Str+5}
   (You found it on level 14 of the Dungeon)

   It affects your strength (+5).
   It affects your resistance to hostile enchantments.
Jewellery
 i - the ring "Lotsomn" (right hand) {*Contam +Inv +Fly rF++ MR+ Int+2}
   (You found it on level 15 of the Dungeon)

   [ring of flight]

   It affects your intelligence (+2).
   It greatly protects you from fire.
   It affects your resistance to hostile enchantments.
   It lets you turn invisible.
   It lets you fly.
   It causes magical contamination when unequipped.
 n - an uncursed ring of see invisible
 r - an uncursed ring of positive energy
 A - the ring of the Albatross {rElec MP+9}
   (You took it off a deep elf mage on level 1 of the Depths)

   [ring of magical power]

   It insulates you from electricity.
   It affects your magic capacity (+9).
 J - an amulet of faith (around neck)
 U - an uncursed ring of resist corrosion
 X - a +3 ring of slaying (left hand)
 Y - the ring of Phasing {EV+8}
   (You found it on level 4 of the Lair of Beasts)

   [ring of evasion]

   It affects your evasion (+8).
Wands
 b - a wand of polymorph (9)
 e - a wand of clouds (3)
 C - a wand of paralysis (7)
 G - a wand of enslavement (22)
 R - a wand of iceblast (44)
 Z - a wand of acid (24)
Scrolls
 g - 19 scrolls of remove curse {@r4}
 h - a scroll of blinking {@r2}
 k - 5 scrolls of fear
 l - 15 scrolls of identify {@r3}
 I - 12 scrolls of teleportation {@r1}
 O - 2 scrolls of silence
 P - 2 scrolls of fog
Potions
 j - 10 potions of curing {@q2}
 o - 6 potions of stabbing
 q - a potion of invisibility
 s - 6 potions of haste {@q4}
 v - 5 potions of resistance
 z - 6 potions of berserk rage
 E - 8 potions of heal wounds {@q1}
 F - 9 potions of might
 H - a potion of cancellation
 N - 3 potions of flight
Miscellaneous
 S - a lightning rod (4/4)
 V - 4 boxes of beasts
 W - a phial of floods
Comestibles
 f - 39 rations

..............#......#.##....##
##..#########...............##
........>...........####...######
#######............## ##........
#.##...#.#...# #........
#######.###..§§....## ##........
..............≈§§≈..####..≈≈≈≈...
##....#####§§≈.§§§≈......≈≈≈≈≈≈..
...########.§§§§@§§......≈≈≈≈≈≈..
#### #....§≈≈§§≈≈......≈≈≈≈≈≈..
#.....§≈§≈≈........≈≈≈≈..#
#......§§.§....[........##
###.....##........#.#.####
##..######................ #..##
#..#......###.....
####..######..#......###..###
##.....##.....##......#...)...


There were no monsters in sight!

Vanquished Creatures
  Tiamat (Zot:1)
  Khufu (Crypt:3)
  Mennas (Depths:4)
  9 ancient liches (Zot:5)
  3 orbs of fire
  4 juggernauts
  Sojobo (Depths:1)
  Bai Suzhen (Depths:2)
  3 Killer Klowns
  Vashnia (Snake:2)
  Xtahua (Depths:4)
  Saint Roka (Vaults:4)
  2 curse toes
  3 caustic shrikes
  Nikola (Vaults:1)
  14 golden dragons
  A pandemonium lord (D:2)
  A profane servitor (Crypt:3)
  An electric golem (Zot:5)
  2 bone dragons
  5 liches
  A Cloud Mage (WizLab)
  Jorgrun (Snake:3)
  27 Orb Guardians
  18 tentacled monstrosities
  3 titans
  Asterion (Depths:1)
  7 quicksilver dragons
  3 deep elf blademasters
  2 deep elf master archers (Elf:3)
  Polyphemus (Shoals:4)
  2 ancient champions
  5 death cobs
  A kraken (Shoals:4)
  3 sphinxes
  Agnes (Elf:1)
  The ghost of p0werm0de the Pandemonic, an adept DDFi of Makhleb (Shoals:4)
  8 shadow dragons
  17 storm dragons
  A draconian monk (Zot:2)
  6 tengu reavers
  2 revenants
  Kirke (D:14)
  14 fire giants
  11 nagarajas
  A draconian knight (Depths:5)
  8 deep elf sorcerers
  22 frost giants
  A cacodemon (Depths:2)
  4 iron dragons
  Aizul (Snake:1)
  4 draconian shifters
  7 draconian scorchers
  16 vault wardens
  2 ghouls
  5 draconian stormcallers
  5 ghost moths
  5 deep elf elementalists
  14 ironheart preservers
  19 stone giants
  3 draconian annihilators
  2 entropy weavers
  3 spriggan defenders
  4 war gargoyles (Vaults:5)
  26 very ugly things
  7 deep elf annihilators
  10 vampire knights
  11 black draconians
  8 deep elf demonologists
  16 red draconians
  21 green draconians
  4 purple draconians
  3 spark wasps
  15 yellow draconians
  An eidolon (Vaults:2)
  3 blizzard demons (WizLab)
  10 ettins
  9 merfolk javelineers
  Snorg (Orc:2)
  A crystal guardian (Vaults:4)
  10 white draconians
  A great orb of eyes (shapeshifter) (Vaults:2)
  12 merfolk impalers
  A quicksilver dragon zombie (Crypt:1)
  2 deep elf high priests
  20 jiangshi
  11 deep elf death magi
  7 fire dragons
  18 yaktaur captains
  2 mummy priests (Crypt:3)
  20 ogre magi
  8 great orbs of eyes
  13 ice dragons
  2 catoblepae
  9 hydras
  A hell beast (Depths:3)
  16 naga warriors
  An ice dragon (shapeshifter) (Vaults:5)
  5 rakshasas
  33 vault guards
  7 spriggan air magi
  3 merfolk avatars
  3 ghost crabs (WizLab)
  14 centaur warriors
  5 death knights
  2 satyrs (Shoals:4)
  7 deep troll shamans
  8 anacondas
  5 merfolk aquamancers
  31 dancing weapons
  59 two-headed ogres
  9 death yaks
  3 tengu warriors (Depths:2)
  9 vampire magi
  11 deep troll earth magi
  8 shock serpents
  An orc high priest (Orc:2)
  Urug (D:11)
  20 naga sharpshooters
  9 spriggan berserkers
  19 deep elf knights
  28 skeletal warriors
  2 soul eaters
  5 spriggans
  2 salamander mystics
  A sixfirhy (Depths:2)
  11 wizards
  7 shadow wraiths
  A ghost moth zombie (Crypt:1)
  16 sea snakes
  4 death drakes
  2 glowing orange brains
  An entropy weaver zombie (Crypt:2)
  22 deep trolls
  15 hell knights
  An infernal demonspawn (Depths:4)
  A sea snake (shapeshifter) (Vaults:5)
  3 swamp dragons (Zot:3)
  3 unseen horrors
  An anaconda zombie (Crypt:1)
  11 flayed ghosts
  A glowing orange brain (shapeshifter) (Vaults:3)
  5 naga ritualists
  5 lindwurms
  18 deep elf archers
  Pikel (D:4)
  17 ironbrand convokers
  A harpy (shapeshifter) (Depths:4)
  11 mana vipers
  9 orc knights
  24 harpies
  12 phantasmal warriors
  A shadow dragon zombie (Vaults:3)
  A wolf spider zombie (Crypt:1)
  10 necromancers
  A sphinx zombie (Vaults:3)
  A wolf spider (Vaults:3)
  An iron dragon zombie (Depths:1)
  54 ugly things
  2 orc sorcerers
  3 oklob plants (Lair:6)
  10 manticores
  36 slime creatures
  90 deep elf magi
  19 fauns
  A cyclops (shapeshifter) (Depths:3)
  18 cyclopes
  A frost giant zombie (Depths:1)
  14 salamanders
  A dire elephant zombie (Crypt:1)
  26 moths of wrath
  5 toenail golems (Volcano)
  13 merfolk sirens
  A human skeleton (Vaults:3)
  37 black mambas
  3 elephants (Lair:6)
  13 vault sentinels
  10 water nymphs
  A frost giant skeleton (Vaults:3)
  4 guardian serpents
  4 rust devils
  26 naga magi
  4 centaur skeletons
  A torpor snail (Lair:5)
  A guardian serpent (shapeshifter) (Depths:1)
  2 orange demons
  A hellion (D:10)
  10 komodo dragons
  A shock serpent skeleton (Crypt:3)
  23 spiny frogs
  12 freezing wraiths
  2 yaktaurs (shapeshifter) (Vaults:3)
  66 yaktaurs
  5 rime drakes
  3 tengu conjurers
  2 ice devils
  A queen ant zombie (Crypt:2)
  A tormentor (Depths:4)
  5 guardian mummies (Crypt:3)
  A harpy zombie (D:15)
  A meliai (shapeshifter) (Vaults:4)
  An elf skeleton (Depths:1)
  55 merfolk
  3 hellwings
  The ghost of Insin the Ruffian, an amateur TrAs of Makhleb (D:4)
  A polar bear (Lair:4)
  4 trolls
  A jumping spider (shapeshifter) (Vaults:4)
  11 hornets
  2 tengu simulacra (Vaults:3)
  A wind drake (shapeshifter) (D:15)
  A tarantella zombie (Crypt:1)
  A shadow dragon simulacrum (Crypt:3)
  An alligator zombie (Crypt:2)
  Grinder (D:5)
  8 wind drakes
  27 blink frogs
  5 tyrant leeches (Lair:6)
  30 dream sheep
  A frost giant simulacrum (Vaults:3)
  14 snapping turtles
  12 air elementals
  54 flying skulls
  An ice dragon zombie (Crypt:3)
  14 hippogriffs
  A guardian serpent skeleton (Crypt:2)
  A centaur simulacrum (D:14)
  A large abomination (Crypt:3)
  A stone giant simulacrum (Vaults:3)
  A vampire (D:14)
  A meliai zombie (D:11)
  A ynoxinul (Depths:3)
  4 wyverns
  7 wraiths
  53 yaks
  5 shadows
  2 basilisks
  2 humans (shapeshifter)
  16 water elementals
  A hog (D:14)
  A golden eye (shapeshifter) (Vaults:5)
  7 fire elementals
  4 hungry ghosts
  6 wargs
  7 vampire mosquitoes
  42 nagas
  3 soldier ants
  An acid dragon (D:15)
  Edmund (D:5)
  Duvessa (D:5)
  5 hell hounds (D:9)
  19 water moccasins
  8 hydra simulacra (Depths:3)
  15 porcupines
  2 ettin simulacra (Vaults:3)
  A deep troll skeleton (Crypt:1)
  40 orc warriors
  4 slaves
  5 sky beasts
  6 ice beasts
  2 alligator simulacra (IceCv)
  2 phantoms
  2 human zombies (Vaults:3)
  4 necrophages (Crypt:3)
  An elephant zombie (Crypt:2)
  48 ogres
  4 wolves (Lair:1)
  5 boggarts
  44 centaurs
  15 crocodiles
  2 big kobolds
  A gnoll sergeant (D:12)
  2 yaktaur skeletons (Crypt:1)
  29 bullfrogs
  A wyvern zombie (D:6)
  A water moccasin zombie (D:7)
  A salamander skeleton (Crypt:2)
  8 earth elementals
  7 scorpions
  Dowan (D:5)
  A shapeshifter zombie (Crypt:1)
  3 small abominations (Crypt:3)
  20 wights
  A yak skeleton (Crypt:1)
  A troll skeleton (Crypt:1)
  7 crimson imps
  4 quasits
  7 hounds
  5 jellies
  22 orc priests
  A bullfrog zombie (D:12)
  An iron imp (Depths:4)
  22 orc wizards
  A bullfrog skeleton (D:7)
  6 iguanas
  A porcupine zombie (Crypt:2)
  13 hell rats
  2 polar bear simulacra (IceCv)
  9 worker ants
  A sky beast zombie (Crypt:2)
  3 hound skeletons
  3 worker ant zombies
  4 gnolls
  22 adders
  7 shadow imps
  7 white imps
  2 ufetubi (Depths:4)
  9 oozes (D:2)
  4 adder zombies
  3 worms
  3 dart slugs
  5 leopard geckos
  87 orcs
  4 ball pythons
  8 bats
  4 giant cockroaches
  10 goblins
  3 hobgoblins
  11 jackals
  16 kobolds
  6 quokkas
  6 frilled lizards
  A kobold skeleton (Crypt:2)
  A leopard gecko skeleton (D:5)
  A leopard gecko zombie (D:5)
  A quokka zombie (D:5)
  4 rats
  3 crawling corpses (Depths:1)
  3 plants (Shoals:4)
  2 tentacles (Shoals:4)
2758 creatures vanquished.

Vanquished Creatures (collateral kills)
  A caustic shrike (Depths:2)
  An electric golem (Zot:5)
  A tentacled monstrosity (Zot:5)
  A draconian monk (Zot:1)
  A spriggan defender (Depths:4)
  A draconian shifter (Zot:5)
  A purple draconian (Zot:5)
  A red draconian (Zot:1)
  A vault guard (Vaults:5)
  An ice dragon (Depths:3)
  A shock serpent (WizLab)
  A deep troll (Depths:3)
  A wizard (Depths:3)
  A deep elf mage (Vaults:2)
  A moth of wrath (Zot:1)
  2 guardian mummies (Crypt:3)
17 creatures vanquished.

Vanquished Creatures (others)
  A death cob (Zot:5)
  A tengu reaver (Depths:1)
  A green draconian (Zot:2)
  A black draconian (Zot:1)
  An ettin (Depths:4)
  A vault guard (Vaults:5)
  3 merfolk aquamancers (Shoals:4)
  A deep troll (Depths:3)
  A deep elf mage (Elf:2)
  2 harpies
  A merfolk siren (Shoals:4)
  A moth of wrath (Zot:1)
  2 merfolk (Shoals:4)
  4 humans (D:14)
  2 orc warriors (Orc:2)
  12 fungi
  85 plants
  6 tentacles (Shoals:4)
  9 toadstools (D:2)
135 creatures vanquished.

Grand Total: 2910 creatures vanquished

Levels and vault maps discovered:
D:1:      dpeg_arrival_pits, layout_rooms
D:2:      cheibrodos_fertilizer, layout_basic, st_stairs_4,
          chequers_serial_rivers_room_b
D:3:      layout_basic, first_ration
D:4:      layout_loops_ring, minmay_temple_entry_waves,
          biasface_ghost_orc_armoury, serial_shops, nicolae_shop_stone,
          shop_fountains, minmay_misc_feat_tiny, uniq_pikel
D:5:      layout_basic, serial_shops, nicolae_shop_trees, uniq_duvessa,
          uniq_grinder, uniq_edmund
D:6:      minmay_octagon_keep, layout_basic, nicolae_ru_great_annihilating_truth
D:7:      layout_rooms, led_sif_book, enter_bailey_2,
          eino_small_chamber_without_monster
D:8:      layout_basic
D:9:      layout_long_grid, dpeg_lair_monsters
D:10:     hangedman_cross_stitches, layout_stronghold, orc_0_dummy,
          hangedman_pestilent_swarm, hangedman_decor_points, minivault_10
D:11:     layout_basic, minmay_door_square, grunt_tough_drop, uniq_urug
D:12:     layout_cave_pools, kennysheep_generic_room_8
D:13:     layout_stronghold, serial_column_ruins, column_ruins_grid_1,
          column_ruins_grid_1, column_ruins_open_small_water,
          column_ruins_open_medium, column_ruins_open_tiny,
          column_ruins_columns_T, minmay_lindwurm_lava
D:14:     kennysheep_blocky_room, layout_cave_pools,
          lightli_vaults_fourway_checkpoint,
          ploomutoo_gammafunk_ghost_potion_laboratory,
          hangedman_abyss_or_decor_stagger, uniq_kirke
D:15:     grunt_enter_depths_magical_seal, layout_basic, portal_ice_cave_rime,
          palyth_stone_intersect
Temple:   compressed_dpeg_circular_temple
Lair:1:   layout_loops_ring, grunt_megastairs_5
Lair:2:   layout_loops_ring
Lair:3:   layout_hall_layers, minmay_snake_entry_six_corridors,
          serial_bayou_shore_b
Lair:4:   layout_loops_ring, elwin_shoals_entry_rooms
Lair:5:   layout_roguey
Lair:6:   minmay_lair_end_frog_pond, layout_regular_city,
          minmay_slime_entry_oklob_open, nicolae_volcano_entry_vermiform,
          nicolae_lair_yak_garden
Shoals:1: layout_shoals
Shoals:2: layout_shoals
Shoals:3: layout_shoals, st_sunken_temple
Shoals:4: shoals_end_simple, layout_shoals, ebering_ghost_gozag,
          nicolae_shoals_dead_sea_scrolls, uniq_polyphemus
Snake:1:  layout_grid_shapes, uniq_aizul
Snake:2:  layout_onion_interference, uniq_vashnia
Snake:3:  layout_grid_shapes, uniq_jorgrun
Snake:4:  snake_pit, layout_cave_town
Orc:1:    layout_caves, serial_shops, shop, basic_altar
Orc:2:    st_orc_rangers, layout_caves, serial_shops, shop, shop, shop,
          nicolae_orc_rich_vein, uniq_snorg
Elf:1:    elf_arrival_001, layout_onion_city, serial_shops,
          nicolae_shop_temple_entry_statues_fountains, minmay_elf_sorcery,
          uniq_agnes
Elf:2:    layout_loops_corners, serial_shops, nicolae_shop_waterfront
Elf:3:    elf_hall, layout_loops_cross, basic_altar, moated_statue,
          guppyfry_elf_garden
Vaults:1: v_misc_16, v_misc_27, vaults_room_semicircle, vaults_room_pools,
          ontoclasm_vaults_ligature, layout_vaults_omnigrid, uniq_nikola
Vaults:2: hangedman_vaults_variations, nicolae_vaults_lopsided_apartments,
          ontoclasm_vaults_idyll, minmay_crypt_entry_simple_box,
          vaults_room_fancy_cross, v_misc_27, hangedman_vaults_snaps, v_misc_18,
          hangedman_vaults_trim, hangedman_vaults_corner_blocks,
          ontoclasm_vaults_shuriken, layout_vaults_chaotic_city
Vaults:3: v_misc_16, nicolae_vaults_little_squares_4, vaults_mumra_chevron,
          v_misc_2, nicolae_vaults_little_ls, nicolae_vaults_shelves_hall,
          hangedman_vaults_corner, nicolae_vaults_arrows,
          ontoclasm_vaults_pinch, st_lines, vaults_mumra_hex,
          vaults_room_corners, layout_vaults_big_cross, serial_shops, shop
Vaults:4: grunt_vaults_hallway_short, hangedman_vaults_corner_blocks, v_rooms_3,
          v_misc_29, v_misc_29, nicolae_vaults_puzzle_piece, v_misc_13,
          nicolae_vaults_big_ls, v_misc_24, grunt_vaults_funnel,
          nicolae_vaults_little_squares_1, st_cross, ontoclasm_vaults_twist,
          layout_vaults_ring, serial_shops, shop, uniq_saint_roka
Vaults:5
Crypt:1:  layout_basic, hangedman_crypt_dual_shrines, grunt_crypt_arrival_split
Crypt:2:  hangedman_hall_of_fallen_heroes, layout_regular_city
Crypt:3:  grunt_crypt_end_deaths_head
Depths:1: layout_cave_pools, enter_ziggurat_d, abyss_entry_crystal,
          grunt_hell_entry_dis_grunt, serial_bayou_pond_a,
          kennysheep_underground_church, uniq_asterion, uniq_sojobo
Depths:2: minmay_expanding_squares, layout_honeycomb, minmay_misc_feat_alley,
          hell_entry, drop_trap, argonaut_fire_from_heaven, uniq_bai_suzhen
Depths:3: cheibrodos_hall_of_evolution, layout_cave_pools, serial_shops,
          kennysheep_little_box, hangedman_decor_lopped,
          hangedman_abyss_entry_splay, mu_enter_wizlab_6,
          rand_demon_pan_entry_4, hell_entry, small_chamber_with_monster,
          infiniplex_staircase_zigzag_4
Depths:4: minmay_the_grid_3x3 [minmay_the_grid_empty, minmay_the_grid_dragon_b,
          minmay_the_grid_outer_circle, minmay_the_grid_x,
          minmay_the_grid_eight, minmay_the_grid_square_x,
          minmay_the_grid_doors, minmay_the_grid_broken_lines,
          minmay_the_grid_prize_trominoes], layout_honeycomb,
          grunt_pan_entry_in_and_out, hell_entry, abyss_entry, chequers_jeans,
          uniq_xtahua, uniq_mennas
Depths:5: evilmike_zot_entry_castle, layout_basic, hell_entry,
          hangedman_decor_riveting, minmay_misc_feat_x
Zot:1:    layout_concentric_octagons, zot_minivault_4, uniq_tiamat
Zot:2:    layout_onion_interference, grunt_megastairs_2
Zot:3:    kennysheep_spiral_hall, layout_gridlike, hangedman_swamp_dais
Zot:4:    layout_misc_corridors
Zot:5:    layout_twisted_circle


Message History

The helpless Umot fails to defend itself.
You skewer Umot like a kebab!!!!!
You kill Umot!
The red devil disappears in a puff of smoke!
You see here a throwing net {!f}.
L - 8 throwing nets {!f} (gained 1) Evoke which item? (* to show all) (? for menu, Esc to quit)
Aiming: Dig
Press: ? - help, Shift-Dir - straight line You can't see that place. [a rock wall.]
The rock shatters into small pieces.
The now-empty wand crumbles to dust.
There is a stone staircase leading up here.
You climb upwards.
There is a stone staircase leading down here.
You can no longer pass through a line of other dancers.
Your extra speed is starting to run out.
There is a stone staircase leading down here.
There is a staircase leading out of the dungeon here.
You have escaped!

Notes
Turn   | Place    | Note
-------+----------+-------------------------------------------
     0 | D:1      | bmfx the Halfling Hunter began the quest for the Orb.
     0 | D:1      | Reached XP level 1. HP: 14/14 MP: 1/1
   133 | D:1      | Reached XP level 2. HP: 19/19 MP: 2/2
   564 | D:2      | Reached XP level 3. HP: 24/24 MP: 3/3
   726 | D:2      | Reached skill level 1 in Shields
  1248 | D:2      | Reached XP level 4. HP: 29/29 MP: 4/4
  1289 | D:2      | Reached XP level 5. HP: 32/34 MP: 5/5
  2287 | D:4      | Found Giceof's Armour Boutique.
  2292 | D:4      | Bought a +2 cloak for 214 gold pieces
  2300 | D:4      | Noticed an ogre
  2380 | D:4      | Found Xufioj's General Store.
  2462 | D:4      | Reached XP level 6. HP: 39/39 MP: 6/6
  2561 | D:4      | Found a staircase to the Ecumenical Temple.
  2572 | Temple   | Entered the Ecumenical Temple
  2656 | Temple   | Became a worshipper of Uskayaw the Reveler
  2721 | D:4      | Reached * piety under Uskayaw
  2739 | D:4      | Reached ** piety under Uskayaw
  2895 | D:4      | Noticed a slave
  2896 | D:4      | Noticed a slave
  2932 | D:3      | Killed a slave
  3165 | D:4      | Reached *** piety under Uskayaw
  3166 | D:4      | Killed an ogre
  3166 | D:4      | Reached skill level 5 in Stealth
  3166 | D:4      | Reached XP level 7. HP: 44/44 MP: 7/7
  3180 | D:4      | Noticed Pikel
  3657 | D:4      | Found a runed translucent gate.
  3657 | D:4      | Found a runed translucent gate.
  3658 | D:4      | Found a runed translucent gate.
  3659 | D:4      | Noticed Insin's ghost (amateur TrAs)
  3660 | D:4      | Identified the +6 chain mail of the Stallion {Dex+4}
  3663 | D:4      | Found a roughly hewn altar of Beogh.
  4359 | D:5      | Entered Level 5 of the Dungeon
  4452 | D:5      | Noticed a two-headed ogre
  4648 | D:5      | Noticed Edmund
  4690 | D:4      | Reached skill level 10 in Slings
  5632 | D:5      | Noticed Grinder
  5782 | D:6      | Reached skill level 1 in Short Blades
  5782 | D:6      | Reached XP level 8. HP: 40/49 MP: 8/8
  6926 | D:6      | Reached **** piety under Uskayaw
  6936 | D:6      | Reached ***** piety under Uskayaw
  6996 | D:6      | Found a sacrificial altar of Ru.
  7320 | D:7      | Identified the cursed +0 halberd "Zyeredd" {freeze, rC+
                  | Int+3}
  7353 | D:7      | Reached XP level 9. HP: 54/54 MP: 9/9
  7485 | D:7      | Reached skill level 1 in Invocations
  7533 | D:7      | Reached skill level 2 in Invocations
  7938 | D:7      | Reached skill level 3 in Invocations
  8010 | D:7      | Reached skill level 4 in Invocations
  8031 | D:7      | Noticed a hippogriff
  8047 | D:7      | Killed a hippogriff
  8261 | D:6      | Reached skill level 5 in Short Blades
  8501 | D:7      | Reached skill level 5 in Invocations
  8773 | D:7      | Found a shimmering blue altar of Sif Muna.
  9054 | D:7      | Reached skill level 6 in Invocations
  9057 | D:7      | Reached skill level 1 in Armour
  9387 | D:8      | Reached XP level 10. HP: 62/62 MP: 14/14
  9634 | D:8      | Reached skill level 5 in Dodging
 10407 | D:9      | Noticed a death yak
 10407 | D:9      | Noticed a death yak
 10407 | D:9      | Noticed a death yak
 10407 | D:9      | Noticed a two-headed ogre
 10560 | D:9      | Killed a two-headed ogre
 10817 | D:9      | Found a staircase to the Lair.
 11069 | D:9      | Got a transparent scale mail
 11116 | D:9      | Noticed a two-headed ogre
 11147 | D:9      | Killed a two-headed ogre
 11288 | D:5      | Paralysed by Grinder for 6 turns
 11301 | D:5      | Killed Grinder
 11301 | D:5      | Reached XP level 11. HP: 69/69 MP: 15/15
 11526 | D:4      | Bought a +5 hunting sling of freezing for 297 gold pieces
 11541 | D:4      | Identified the cursed +0 scale mail of a Gauntlet {MR+
                  | Str+5} (You found it on level 9 of the Dungeon)
 11654 | D:5      | Killed Edmund
 11714 | D:5      | Found Zynuitz's Jewellery Emporium.
 11833 | D:5      | Noticed Dowan
 11838 | D:5      | Killed Dowan
 11839 | D:5      | Noticed Duvessa
 11851 | D:5      | Killed Duvessa
 11870 | D:5      | duvessa sucks. like a pro
 11896 | D:5      | Killed a two-headed ogre
 12512 | D:10     | Entered Level 10 of the Dungeon
 12613 | D:10     | Reached skill level 5 in Shields
 12635 | D:10     | Reached skill level 5 in Fighting
 12825 | D:10     | Paralysed by a hornet for 2 turns
 13617 | D:10     | Found a staircase to the Orcish Mines.
 14156 | D:11     | Reached ****** piety under Uskayaw
 14375 | D:11     | Reached XP level 12. HP: 79/79 MP: 17/17
 14457 | D:11     | Reached skill level 7 in Invocations
 14475 | D:11     | Noticed Urug
 14500 | D:11     | Killed Urug
 14500 | D:11     | Reached skill level 10 in Dodging
 14505 | D:11     | Reached skill level 8 in Invocations
 14624 | D:11     | Noticed a rakshasa
 14625 | D:11     | Noticed a centaur warrior
 14729 | D:11     | Killed a rakshasa
 15083 | D:11     | Killed a centaur warrior
 15083 | D:11     | Reached skill level 9 in Invocations
 16287 | D:12     | You fall into a shaft and drop 3 floors!
 16287 | D:15     | Entered Level 15 of the Dungeon
 16354 | D:15     | Found a frozen archway.
 16374 | IceCv    | Entered an ice cave
 16397 | IceCv    | Reached skill level 10 in Invocations
 16606 | D:15     | Reached XP level 13. HP: 85/85 MP: 20/20
 16692 | D:14     | Noticed a centaur warrior
 17015 | D:15     | Got a slimy copper ring
 17017 | D:15     | Identified the ring "Lotsomn" {*Contam +Inv +Fly rF++ MR+
                  | Int+2} (You found it on level 15 of the Dungeon)
 17245 | D:14     | Killed a centaur warrior
 17418 | D:14     | Noticed a five-headed hydra
 17424 | D:14     | Killed a five-headed hydra
 17554 | D:13     | Reached skill level 11 in Invocations
 19054 | D:4      | Killed Pikel
 19061 | D:4      | Found Giceof's Armour Boutique.
 19127 | D:4      | Found a runed translucent gate.
 19127 | D:4      | Found a runed translucent gate.
 19128 | D:4      | Found a runed translucent gate.
 19149 | D:4      | Found Xufioj's General Store.
 19430 | D:4      | Found a roughly hewn altar of Beogh.
 19475 | D:4      | Killed Insin's ghost
 19941 | D:9      | Reached skill level 12 in Invocations
 20239 | Lair:1   | Entered Level 1 of the Lair of Beasts
 21294 | Lair:2   | Identified a scroll of acquirement
 21295 | Lair:2   | Identified the ring "Lohu" {Ice rElec MP+9 Dex-2} (You
                  | acquired it on level 2 of the Lair of Beasts)
 21303 | Lair:2   | Reached skill level 10 in Fighting
 21423 | Lair:2   | Reached XP level 14. HP: 86/99 MP: 23/23
 22177 | Lair:3   | Reached skill level 5 in Armour
 22230 | Lair:3   | Found a staircase to the Snake Pit.
 23414 | Lair:4   | Found the ring of Phasing {EV+8}
 24113 | Lair:4   | Found a staircase to the Shoals.
 25025 | Lair:6   | Entered Level 6 of the Lair of Beasts
 25320 | Lair:6   | Found a dark tunnel.
 25340 | Volcano  | Entered a volcano
 25368 | Volcano  | Reached XP level 15. HP: 98/108 MP: 24/24
 26008 | Volcano  | Reached skill level 10 in Armour
 27506 | Lair:6   | Found the +12 Vampire's Tooth {vamp}
 27590 | Lair:6   | Identified the cursed +3 war axe "Fobbol" {venom, rElec
                  | rF+} (You found it on level 6 of the Lair of Beasts)
 27823 | Lair:6   | Learned a level 1 spell: Apportation
 27924 | Lair:6   | Found a staircase to the Slime Pits.
 28536 | D:14     | Reached XP level 16. HP: 114/114 MP: 25/25
 28574 | D:14     | Noticed Kirke
 28590 | D:14     | Killed Kirke
 28666 | D:14     | Found a runed translucent gate.
 28666 | D:14     | Found a runed translucent gate.
 28666 | D:14     | Found a runed translucent gate.
 28749 | D:14     | Identified the cursed +0 pair of gloves of Jish {MR+ Str+5}
                  | (You found it on level 14 of the Dungeon)
 29327 | D:14     | Found a gate to the Vaults.
 29612 | D:14     | Learned a level 2 spell: Blink
 29760 | D:15     | Reached skill level 10 in Short Blades
 29970 | D:15     | Reached skill level 15 in Armour
 30102 | D:15     | Found a staircase to the Depths.
 30312 | Orc:1    | Entered Level 1 of the Orcish Mines
 30487 | Orc:2    | Entered Level 2 of the Orcish Mines
 30526 | Orc:2    | Reached skill level 1 in Evocations
 30584 | Orc:2    | Found Naacafyi's Book Boutique.
 30584 | Orc:2    | Found Ujyjab's Jewellery Emporium.
 30607 | Orc:2    | Found Qextuxisk's Antique Weapon Shoppe.
 30608 | Orc:2    | Found Yxesast's Antique Weapon Shop.
 30686 | Orc:2    | Noticed Snorg
 30695 | Orc:2    | Killed Snorg
 30898 | Orc:2    | Bought a +3 ring of slaying for 585 gold pieces
 31084 | Orc:2    | Found Caunah's Distillery.
 31092 | Orc:2    | Bought a potion of might for 64 gold pieces
 31092 | Orc:2    | Bought a potion of heal wounds for 80 gold pieces
 31092 | Orc:2    | Bought a potion of resistance for 160 gold pieces
 31092 | Orc:2    | Bought a potion of curing for 48 gold pieces
 31133 | Orc:2    | Found a staircase to the Elven Halls.
 31157 | Orc:2    | Found Onood's Book Boutique.
 31166 | Orc:2    | Found Ethrip's Gadget Emporium.
 31181 | Orc:2    | Bought a wand of acid (7) for 352 gold pieces
 31181 | Orc:2    | Bought a wand of digging (3) for 224 gold pieces
 31637 | Orc:1    | Found a roughly hewn altar of Beogh.
 31736 | Orc:1    | Found Poatoc's Book Shoppe.
 31951 | Shoals:1 | Entered Level 1 of the Shoals
 31963 | Shoals:1 | Reached skill level 5 in Evocations
 32211 | Shoals:1 | Reached XP level 17. HP: 119/119 MP: 26/26
 32228 | Shoals:1 | Identified the +7 chain mail of Ituuryum {rElec rN+ MP-9
                  | Dex+6} (You found it on level 1 of the Shoals)
 33121 | Shoals:2 | Reached skill level 10 in Evocations
 34904 | Shoals:3 | Reached XP level 18. HP: 126/126 MP: 27/27
 35481 | Shoals:3 | Reached skill level 13 in Invocations
 35779 | Shoals:4 | Entered Level 4 of the Shoals
 35808 | Shoals:4 | Reached skill level 15 in Dodging
 36041 | Shoals:4 | Noticed a kraken
 36057 | Shoals:4 | Killed a kraken
 36057 | Shoals:4 | Reached skill level 14 in Invocations
 36076 | Shoals:4 | Identified the ring of Dafyab {rPois rF- Str+6 Int+2
                  | Stlth+} (You found it on level 4 of the Shoals)
 36170 | Shoals:4 | Found a runed translucent gate.
 36171 | Shoals:4 | Found a runed translucent gate.
 36171 | Shoals:4 | Found an opulent altar of Gozag.
 36172 | Shoals:4 | Found a runed translucent gate.
 36173 | Shoals:4 | Noticed p0werm0de's ghost (adept DDFi)
 36174 | Shoals:4 | Found Lytasamn's Assorted Antiques.
 36281 | Shoals:4 | Killed p0werm0de's ghost
 36535 | Shoals:4 | Noticed Polyphemus
 36545 | Shoals:4 | Reached skill level 15 in Invocations
 36548 | Shoals:4 | Killed Polyphemus
 37593 | Shoals:4 | Reached XP level 19. HP: 134/134 MP: 30/30
 38047 | Shoals:4 | Got a barnacled rune of Zot
 38317 | Snake:1  | Entered Level 1 of the Snake Pit
 38786 | Snake:1  | Noticed Aizul
 38798 | Snake:1  | Killed Aizul
 39255 | Snake:2  | Noticed Vashnia
 40070 | Snake:2  | Killed Vashnia
 40070 | Snake:2  | Reached skill level 15 in Fighting
 40933 | Snake:3  | Reached skill level 16 in Invocations
 41561 | Snake:3  | Noticed Jorgrun
 41577 | Snake:3  | Reached XP level 20. HP: 145/145 MP: 30/32
 41577 | Snake:3  | Killed Jorgrun
 41968 | Snake:4  | Entered Level 4 of the Snake Pit
 41988 | Snake:4  | Reached skill level 17 in Invocations
 43233 | Snake:4  | Reached skill level 18 in Invocations
 44187 | Snake:4  | Reached skill level 19 in Invocations
 44330 | Snake:4  | Got a serpentine rune of Zot
 44642 | Elf:1    | Entered Level 1 of the Elven Halls
 45073 | Elf:1    | Reached XP level 21. HP: 151/151 MP: 34/34
 45564 | Elf:1    | Noticed Agnes
 45579 | Elf:1    | Killed Agnes
 45579 | Elf:1    | Reached skill level 20 in Invocations
 45707 | Elf:1    | Found Doulol's Jewellery Emporium.
 45735 | Elf:1    | Reached skill level 1 in Translocations
 45920 | Elf:1    | Reached skill level 1 in Spellcasting
 45926 | Elf:1    | Identified the Handbook of Creative Attacks
 46077 | Elf:2    | Found a huge runed translucent gate.
 46077 | Elf:2    | Found a huge runed translucent gate.
 46081 | Elf:2    | Found a huge runed translucent gate.
 46081 | Elf:2    | Found a huge runed translucent gate.
 46082 | Elf:2    | Found a huge runed translucent gate.
 46876 | Elf:2    | Found Kadoump's Book Shop.
 47070 | Elf:2    | Reached skill level 5 in Translocations
 48207 | Elf:3    | Entered Level 3 of the Elven Halls
 49046 | Elf:3    | Found a shimmering blue altar of Sif Muna.
 49181 | Elf:3    | Noticed a Brimstone Fiend
 49184 | Elf:3    | Reached skill level 10 in Translocations
 49209 | Elf:3    | Reached XP level 22. HP: 135/157 MP: 36/36
 50200 | Elf:3    | Identified the Catalogue of Fiery Protection
 50283 | Elf:3    | Identified the +1 short sword of Muxkuefu {speed, +Rage MR+
                  | SInv} (You found it on level 3 of the Elven Halls)
 50576 | Vaults:1 | Entered Level 1 of the Vaults
 51207 | Vaults:1 | Noticed Nikola
 51217 | Vaults:1 | Killed Nikola
 52063 | Vaults:2 | Reached skill level 10 in Stealth
 52936 | Vaults:2 | Reached XP level 23. HP: 132/162 MP: 37/37
 53621 | Vaults:2 | Found a staircase to the Crypt.
 55088 | Vaults:3 | Reached skill level 15 in Stealth
 55093 | Vaults:3 | Upgraded the game from 0.25-a0-937-gcfae464cf3 to
                  | 0.25-a0-940-gc6eaff51cc
 56789 | Vaults:3 | You fall into a shaft and drop 1 floor!
 56803 | Vaults:4 | Reached XP level 24. HP: 169/169 MP: 36/37
 56908 | Vaults:3 | Found Osot's Book Shoppe.
 58137 | Vaults:4 | Found Gaddot's Weapon Boutique.
 58162 | Vaults:4 | Bought 16 stones for 30 gold pieces
 58267 | Vaults:4 | Noticed Saint Roka
 58277 | Vaults:4 | Killed Saint Roka
 58936 | Vaults:4 | Reached skill level 21 in Invocations
 59531 | Depths:1 | Entered Level 1 of the Depths
 59571 | Depths:1 | Found a one-way gate to the infinite horrors of the Abyss.
 59648 | Depths:1 | Noticed Asterion
 59671 | Depths:1 | Killed Asterion
 59698 | Depths:1 | Noticed Sojobo
 59722 | Depths:1 | Killed Sojobo
 60067 | Depths:1 | Found a gateway to Hell.
 60397 | Depths:1 | Reached XP level 25. HP: 174/174 MP: 37/37
 60512 | Depths:1 | Identified the ring of the Albatross {rElec MP+9}
 60777 | Depths:1 | Found a gateway to a ziggurat.
 61194 | Depths:2 | Noticed Bai Suzhen
 61198 | Depths:2 | Reached skill level 22 in Invocations
 61203 | Depths:2 | Killed Bai Suzhen
 61215 | Depths:2 | Noticed a caustic shrike
 61219 | Depths:2 | Noticed a caustic shrike
 61318 | Depths:2 | Killed a caustic shrike
 61600 | Depths:2 | Found a radiant altar of Vehumet.
 61972 | Depths:2 | Reached skill level 23 in Invocations
 62249 | Depths:2 | Identified Sif Muna's Almanac of the Boosting Volcanoes
 62676 | Depths:2 | Noticed a caustic shrike
 62679 | Depths:2 | Noticed a juggernaut
 62906 | Depths:2 | Killed a caustic shrike
 62909 | Depths:2 | Killed a caustic shrike
 62912 | Depths:2 | Killed a juggernaut
 63420 | Depths:3 | Found a magical portal.
 63429 | Depths:3 | Reached XP level 26. HP: 181/181 MP: 38/38
 63827 | WizLab   | Reached skill level 24 in Invocations
 64209 | WizLab   | Identified a +1 pair of boots of running (You found it in a
                  | wizard's laboratory)
 64213 | WizLab   | Identified Sif Muna's Almanac of Feathers
 64454 | Depths:3 | Reached XP level 27. HP: 179/189 MP: 39/39
 65893 | Depths:3 | Noticed a juggernaut
 65910 | Depths:3 | Killed a juggernaut
 65985 | Depths:3 | Found Tuaplee's General Store.
 65990 | Depths:3 | Bought a scroll of acquirement for 520 gold pieces
 65990 | Depths:3 | Bought a potion of might for 40 gold pieces
 65990 | Depths:3 | Bought 13 stones for 13 gold pieces
 65990 | Depths:3 | Bought 17 sling bullets for 85 gold pieces
 65990 | Depths:3 | Bought a scroll of fear for 35 gold pieces
 65990 | Depths:3 | Bought a ration for 50 gold pieces
 65990 | Depths:3 | Identified the ring "Fomeu" {+Fly AC+2} (You acquired it on
                  | level 3 of the Depths)
 65998 | Depths:3 | Learned a level 5 spell: Summon Mana Viper
 66101 | Depths:3 | Found a one-way gate leading to the halls of Pandemonium.
 66230 | Depths:4 | Noticed Mennas
 66231 | Depths:4 | Killed Mennas
 67062 | Depths:4 | Noticed Xtahua
 67088 | Depths:4 | Killed Xtahua
 67528 | Depths:4 | Got a faintly humming ring mail
 67529 | Depths:4 | Identified the +3 ring mail "Macoqol" {+Fly rC+++ Str+4
                  | Slay-2} (You found it on level 4 of the Depths)
 67702 | Depths:4 | Identified the Reference Book on the Voyage and
                  | Confrontation
 67730 | Depths:4 | Learned a level 3 spell: Portal Projectile
 67849 | Depths:4 | Reached skill level 1 in Hexes
 68184 | Depths:5 | Entered Level 5 of the Depths
 68268 | Depths:5 | Noticed a juggernaut
 68269 | Depths:5 | Noticed a juggernaut
 68279 | Depths:5 | Killed a juggernaut
 68282 | Depths:5 | Killed a juggernaut
 68376 | Depths:5 | Reached skill level 5 in Hexes
 69619 | Depths:5 | Reached skill level 10 in Hexes
 69827 | Depths:5 | Found a runed translucent door.
 69828 | Depths:5 | Got a twisted scale mail
 69856 | Depths:5 | Found a runed translucent door.
 69867 | Depths:5 | Found a runed translucent door.
 69996 | Depths:5 | Reached skill level 5 in Spellcasting
 70179 | Depths:5 | Found a runed translucent door.
 70263 | Depths:5 | Found a runed translucent door.
 70270 | Depths:5 | Found a runed translucent door.
 70318 | Depths:5 | Found a gate to the Realm of Zot.
 70327 | Depths:5 | Identified the +1 scale mail of Wesuefodah {-Cast Dex+6}
                  | (You found it on level 5 of the Depths)
 70652 | Vaults:5 | Entered Level 5 of the Vaults
 71180 | Vaults:5 | Reached skill level 10 in Spellcasting
 71217 | Vaults:5 | Reached skill level 1 in Summonings
 71586 | Vaults:5 | Reached skill level 5 in Summonings
 71598 | Vaults:5 | Identified the +7 spear "Tonam" {pain, MR+ Dex+3}
 71825 | Vaults:5 | Got a silver rune of Zot
 72371 | Vaults:5 | Got a crude robe
 72624 | Vaults:5 | Found Cuuttede's Gadget Shop.
 72632 | Vaults:5 | Bought a wand of acid (5) for 252 gold pieces
 72632 | Vaults:5 | Bought a wand of clouds (3) for 294 gold pieces
 73252 | Crypt:1  | Entered Level 1 of the Crypt
 74162 | Crypt:1  | Found an ancient bone altar of Kikubaaqudgha.
 74380 | Crypt:1  | Found a basalt altar of Yredelemnul.
 74381 | Crypt:1  | Found the +9 sword of Zonguldrok {reap}
 74425 | Crypt:1  | Got a smoking ruby amulet
 74426 | Crypt:1  | Identified the amulet of Vusamack {MR+ Regen+ Dex+7} (You
                  | found it on level 1 of the Crypt)
 74429 | Crypt:1  | Got a brightly glowing lead amulet
 74430 | Crypt:1  | Identified the amulet "Agufump" {*Drain rN+++ Regen+ Int-5
                  | Stlth+} (You found it on level 1 of the Crypt)
 75057 | Crypt:2  | Reached skill level 10 in Summonings
 75736 | Crypt:2  | Got a pitted scale mail
 76105 | Crypt:3  | Entered Level 3 of the Crypt
 76743 | Crypt:3  | Found a basalt altar of Yredelemnul.
 77598 | Crypt:3  | Identified the +5 scale mail of Qomoucuc {-Cast rCorr
                  | Int+2} (You found it on level 2 of the Crypt)
 77664 | Crypt:3  | Identified Kikubaaqudgha's Incunabulum of Necromancy
 78183 | Crypt:3  | Found a staircase to the Tomb.
 78183 | Crypt:3  | Noticed Khufu
 78198 | Crypt:3  | Killed Khufu
 79334 | Zot:1    | Entered Level 1 of the Realm of Zot
 79999 | Zot:1    | Identified the +4 dragonskin cloak
 79999 | Zot:1    | Noticed Tiamat
 80015 | Zot:1    | Killed Tiamat
 80019 | Zot:1    | Reached skill level 25 in Invocations
 81015 | Zot:2    | Noticed an orb of fire
 81250 | Zot:2    | Killed an orb of fire
 81250 | Zot:2    | Reached skill level 26 in Invocations
 82348 | Zot:3    | Reached skill level 27 in Invocations
 82364 | Zot:3    | You fall into a shaft and drop 1 floor!
 83512 | Zot:4    | Noticed a Killer Klown
 83513 | Zot:4    | Killed a Killer Klown
 84322 | Zot:5    | Entered Level 5 of the Realm of Zot
 84734 | Zot:5    | Noticed an ancient lich
 84743 | Zot:5    | Noticed an ancient lich
 84760 | Zot:5    | Killed an ancient lich
 84764 | Zot:5    | Killed an ancient lich
 84835 | Zot:5    | Noticed an ancient lich
 84835 | Zot:5    | Noticed an orb of fire
 84850 | Zot:5    | Killed an ancient lich
 84860 | Zot:5    | Killed an orb of fire
 84889 | Zot:5    | Noticed a Killer Klown
 84901 | Zot:5    | Killed a Killer Klown
 84982 | Zot:5    | Noticed an ancient lich
 85007 | Zot:5    | Killed an ancient lich
 85014 | Zot:5    | Learned a level 5 spell: Aura of Abjuration
 85377 | Zot:5    | Noticed a Killer Klown
 85411 | Zot:5    | Killed a Killer Klown
 85936 | Zot:5    | Noticed an ancient lich
 85936 | Zot:5    | Noticed an orb of fire
 85952 | Zot:5    | Killed an ancient lich
 85955 | Zot:5    | Noticed an ancient lich
 85957 | Zot:5    | Noticed an ancient lich
 85960 | Zot:5    | Killed an ancient lich
 85965 | Zot:5    | Killed an ancient lich
 85966 | Zot:5    | Killed an orb of fire
 85971 | Zot:5    | Noticed an ancient lich
 85980 | Zot:5    | Killed an ancient lich
 86113 | Zot:5    | Found the +8 glaive of the Guard {elec, +Rage AC+5 SInv}
 86254 | Zot:5    | Noticed an ancient lich
 86268 | Zot:5    | Killed an ancient lich
 86822 | Zot:5    | Got the Orb of Zot
 87496 | D:2      | Noticed Umot the pandemonium lord
 87530 | D:2      | Killed Umot the pandemonium lord
 87549 | D:$      | Escaped with the Orb!
